 Dungeon Crawl Stone Soup version 0.31-a0-691-g409c26aa35 (webtiles) character file.

Game seed: 8542500196131942638

61 qw the Shooter (level 4, -4/26 HPs)
             Began as a Gargoyle Hunter on Sept 6, 2023.
             Was an Initiate of Okawaru.
             Slain by an iguana (8 damage)
             ... on level 3 of the Dungeon.
             The game lasted 00:00:27 (1960 turns).

qw the Shooter (Gargoyle Hunter)                    Turns: 1960, Time: 00:00:27

Health: -4/26      AC: 11    Str: 14    XL:     4   Next: 7%
Magic:  4/4        EV: 11    Int: 10    God:    Okawaru [......]
Gold:   29         SH:  0    Dex: 15    Spells: 3/3 levels left

rFire   . . .        Y - +0 shortbow
rCold   . . .        (shield currently unavailable)
rNeg    + . .        f - +0 ring mail
rPois   inf          i - +0 helmet
rElec   +            (no cloak)
rCorr   .            (no gloves)
SInv    .            h - +0 pair of boots
Will    .....        (no amulet)
Stlth   +            (no ring)
HPRegen 0.24/turn    (no ring)
MPRegen 0.09/turn

%: no passive effects
@: about to teleport
A: sickness immunity, AC +3, negative energy resistance 1, electricity
resistance, torment resistance 1, petrification resistance
a: Renounce Religion


You were on level 3 of the Dungeon.
You worshipped Okawaru.
Okawaru was noncommittal.
You visited 1 branch of the dungeon, and saw 3 of its levels.

You collected 104 gold pieces.
You spent 75 gold pieces at shops.


Innate Abilities, Weirdness & Mutations

You are immune to sickness and miasma.
Your stone body is resilient. (AC +3)
You are immune to poison.
You resist negative energy. (rN+)
You are resistant to electric shocks. (rElec)
You are resistant to unholy torment.
You are immune to petrification.


   Skills:
 - Level 2.1 Fighting
 + Level 4.9 Ranged Weapons
 - Level 2.3 Armour
 - Level 1.5 Dodging
 - Level 1.1 Stealth


You had 3 spell levels left.
You didn't know any spells.
Your spell library was empty.

Inventory:

Hand Weapons
 Y - a +0 shortbow (weapon)
Armour
 f - a +0 ring mail (worn)
 h - a +0 pair of boots (worn)
 i - a +0 helmet (worn)
Jewellery
 o - an amulet of regeneration
Scrolls
 b - a scroll of identify
 c - a scroll of noise {unknown}
 e - 2 scrolls of teleportation
 m - a scroll of enchant weapon {unknown}
 n - a scroll of vulnerability {unknown}
Potions
 a - a potion of mutation
 d - a potion of enlightenment
 g - a potion of curing {unknown}
 j - a potion of resistance {unknown}
 k - a potion of degeneration {unknown}
 l - a potion of haste {unknown}

Dungeon Overview and Level Annotations

Branches:
Dungeon (3/15)

Altars:
Okawaru

Shops:
D:3 *


Message History

The iguana hisses angrily.
You shoot an arrow.
The arrow hits the iguana but does no damage.
You shoot an arrow. The arrow closely misses the iguana.
You shoot an arrow. The arrow barely misses the iguana.
The iguana bites you.
The iguana bites you but does no damage.
You shoot an arrow. The arrow barely misses the iguana.
The iguana bites you but does no damage.
You shoot an arrow. The arrow hits the iguana.
The iguana is lightly wounded.
The iguana barely misses you.
You shoot an arrow.
The arrow hits the iguana but does no damage.
The iguana is lightly wounded.
The iguana bites you but does no damage.
You shoot an arrow.
The arrow hits the iguana but does no damage.
The iguana is lightly wounded.
The iguana misses you. The iguana barely misses you.
You shoot an arrow.
The arrow hits the iguana but does no damage.
The iguana is lightly wounded.
The iguana bites you!
You shoot an arrow.
The arrow hits the iguana but does no damage.
The iguana is lightly wounded.
The iguana bites you.
You shoot an arrow.
The arrow hits the iguana but does no damage.
The iguana is lightly wounded.
The iguana completely misses you. The iguana bites you!
1959 ||| READING 3 scrolls of teleportation.
As you read the scroll of teleportation, it crumbles to dust.
You feel strangely unstable.
The iguana bites you but does no damage.
You shoot an arrow. The arrow hits the iguana.
The iguana is heavily wounded.
The iguana bites you!
You die...

##################
.................#
################.#
.......# #.#
######.# #.#
##.### .# #.#
###....# .# #.#
#......# .#(#@#
#).....# #.#.#l#
#......##.......
###....#...#.#.#.
#........#.#.#.#
#######..###.#.# #
...........(...#
###.....####...#
...>.....# .#


You could see an iguana.

Vanquished Creatures
  Jessica (D:2)
  Robin (D:2)
  A worm (D:2)
  2 ball pythons
  An endoplasm (D:1)
  A giant cockroach (D:1)
  6 goblins
  2 hobgoblins (D:2)
  3 kobolds (D:2)
  A bat (D:1)
  2 rats
21 creatures vanquished.

Notes
Turn   | Place    | Note
-------+----------+-------------------------------------------
     0 | D:1      | qw the Gargoyle Hunter began the quest for the Orb.
     0 | D:1      | Reached XP level 1. HP: 12/12 MP: 1/1
     0 | D:1      | 0 ||| qw: Version: 0.3-a-76-g4403597
     0 | D:1      | 0 ||| qw: Game counter: 223
     0 | D:1      | 0 ||| qw: Melee chars always use a shield: true
     0 | D:1      | 0 ||| qw: God list: Okawaru
     0 | D:1      | 0 ||| qw: Allow faded altars: false
     0 | D:1      | 0 ||| qw: Do Orc after clearing Dungeon:15 true
     0 | D:1      | 0 ||| qw: Do second Lair branch before Depths: true
     0 | D:1      | 0 ||| qw: Lair rune preference: random
     0 | D:1      | 0 ||| qw: Goals: Normal
     0 | D:1      | 0 ||| PLANNING D:1-11
   572 | D:1      | Reached XP level 2. HP: 11/17 MP: 2/2
   809 | D:1      | 809 ||| UPGRADING to +0 ring mail.
   819 | D:1      | 819 ||| DROPPING +0 leather armour.
   820 | D:1      | 820 ||| READING scroll labelled LUALUD LEI.
   832 | D:1      | 832 ||| READING scroll labelled TAOKKI FYWU.
   833 | D:1      | 833 ||| READING scroll labelled QORRUN KYBBEHE.
   834 | D:1      | 834 ||| DRINKING 2 metallic golden potions.
   835 | D:1      | 835 ||| DROPPING scroll of butterflies.
   836 | D:1      | 836 ||| DROPPING potion of magic.
   892 | D:2      | Found an iron altar of Okawaru.
   893 | D:2      | 893 ||| PLANNING OKAWARU WORSHIP
   900 | D:2      | Became a worshipper of Warmaster Okawaru
   901 | D:2      | 901 ||| PLANNING D:1-11
   993 | D:2      | Noticed Jessica
   999 | D:2      | Killed Jessica
  1000 | D:2      | Reached XP level 3. HP: 19/21 MP: 3/3
  1185 | D:2      | Noticed Robin
  1198 | D:2      | Killed Robin
  1483 | D:2      | Reached XP level 4. HP: 26/26 MP: 4/4
  1719 | D:2      | 1719 ||| UPGRADING to +0 pair of boots.
  1724 | D:2      | 1724 ||| UPGRADING to +0 helmet.
  1729 | D:2      | 1729 ||| READING 4 scrolls labelled YWUGGOT OSUAR.
  1730 | D:2      | 1730 ||| READING scroll labelled YNGUUB CUGIN.
  1731 | D:2      | 1731 ||| READING 3 scrolls labelled COCIOTEWOB.
  1734 | D:2      | 1734 ||| READING scroll labelled ICOXYUHUBYCW.
  1735 | D:2      | 1735 ||| READING scroll labelled TIOBOD ISUKAUDIHUF.
  1736 | D:2      | 1736 ||| READING 3 scrolls of identify.
  1736 | D:2      | 1736 ||| IDENTIFYING dark potion
  1737 | D:2      | 1737 ||| READING 2 scrolls of identify.
  1737 | D:2      | 1737 ||| IDENTIFYING bubbling silvery potion
  1764 | D:3      | Found Axkuhe's Assorted Antiques.
  1773 | D:3      | 1773 ||| SHOPLISTING glowing robe (99 gold, have 85).
  1773 | D:3      | 1773 ||| BUYING grey potion (24 gold).
  1773 | D:3      | Bought a grey potion for 24 gold pieces
  1773 | D:3      | 1773 ||| BUYING purple potion (24 gold).
  1773 | D:3      | Bought a purple potion for 24 gold pieces
  1773 | D:3      | 1773 ||| BUYING scroll labelled IFUFAV MAN (27 gold).
  1773 | D:3      | Bought a scroll labelled IFUFAV MAN for 27 gold pieces
  1773 | D:3      | 1773 ||| SHOPLISTING scroll labelled QIWKEATHUHEF (27 gold,
                  | have 10).
  1880 | D:3      | 1880 ||| DROPPING +0 sling of flaming.
  1958 | D:3      | HP: 4/26 [iguana (9)]
  1959 | D:3      | 1959 ||| READING 3 scrolls of teleportation.
  1960 | D:3      | Slain by an iguana

Levels and vault maps discovered:
D:1:      psy_arrival_dodecagon, layout_loops_corners, minmay_split_cup_small
D:2:      layout_basic, basic_altar, uniq_robin, uniq_jessica
D:3:      layout_basic, ebering_ecumenical_altar_webs, serial_shops,
          nicolae_shop_overgrown_old_shop, grunt_ministairs_1

Skill      XL: |  1  2 |
---------------+-------+-----
Armour         | 2 |  2.3
Fighting       | |  2.1
Ranged Weapons | |  4.9
Dodging        | |  1.5
Stealth        | |  1.1

Action                     |  1- 3 |  4- 6 || total
---------------------------+-------+-------++-------
   Fire: Shortbow          |    64 |    13 ||    77
    Use: Scroll            |     3 |     8 ||    11
         Potion            |     1 |       ||     1
 Armour: Leather armour    |     1 |       ||     1
         Ring mail         |    30 |     9 ||    39
  Dodge: Dodged            |    15 |     4 ||    19

Table legend:
 A = Non-vault XP
 B = Vault XP
 C = Vault XP percentage of total XP
 D = Non-vault monster count
 E = Vault monster count
 F = Vault count percentage of total count
                 A         B        C        D         E       F
            +---------+---------+-------+---------+---------+-------
      Total |      18 |      70 |  79.5 |      10 |      11 |  52.4
            +---------+---------+-------+---------+---------+-------
        D:1 |       6 |       6 |  50.0 |       4 |       3 |  42.9
        D:2 |      10 |      64 |  86.5 |       5 |       8 |  61.5
        D:3 |       2 |       0 |   0.0 |       1 |       0 |   0.0
            +---------+---------+-------+---------+---------+-------
